 Dungeon Crawl Stone Soup version 0.27-a0-1206-g6342a01c75 (webtiles) character file.

Game seed: 2161396375238020595

49 Froggeryz the Magician (level 3, 3/28 HPs)
             Began as a Gnoll Wanderer on June 5, 2021.
             Quit the game on level 2 of the Dungeon.
             The game lasted 00:01:56 (1484 turns).

Froggeryz the Magician (Gnoll Wanderer)             Turns: 1484, Time: 00:01:57

Health: 3/28       AC:  3    Str: 12    XL:     3   Next: 75%
Magic:  11/11      EV: 11    Int: 11    God:
Gold:   37         SH:  0    Dex: 11    Spells: 16/16 levels left

rFire    . . .     SeeInvis .   k - +1 dagger (freeze)
rCold    . . .     Faith    .   (no shield)
rNeg     . . .     Spirit   .   d - +0 robe
rPois    .         Reflect  .   (no helmet)
rElec    .         Harm     .   g - +0 cloak
rCorr    .         Rampage  .   (no gloves)
Will     .....                  (no boots)
Stlth    +.........             (no amulet)
HPRegen  0.09/turn              (no ring)
MPRegen  0.12/turn              (no ring)

@: lethally poisoned (3 -> -3)
A: fangs 1, strong nose, distributed training
a: no special abilities


You were on level 2 of the Dungeon.
You visited 1 branch of the dungeon, and saw 2 of its levels.

You collected 73 gold pieces.
You spent 36 gold pieces at shops.

Inventory:

Hand Weapons
 a - a +2 shortbow
 k - a +1 dagger of freezing (weapon)
Missiles
 b - 15 arrows
Armour
 d - a +0 robe (worn)
 e - a +0 buckler
 g - a +0 cloak (worn)
Scrolls
 f - a scroll of acquirement {unknown}
 h - a scroll of noise {unknown}
 i - 2 scrolls of teleportation
 j - a scroll of identify {unknown}
Potions
 c - 2 potions of lignification


   Skills:
 + Level 2.6 Fighting
 + Level 0.9 Short Blades
 + Level 0.9 Long Blades
 + Level 0.9 Axes
 + Level 0.9 Maces & Flails
 + Level 0.9 Polearms
 + Level 0.9 Staves
 + Level 0.9 Slings
 + Level 4.5 Bows
 + Level 0.9 Crossbows
 + Level 0.9 Throwing
 + Level 0.9 Armour
 + Level 0.9 Dodging
 + Level 0.9 Stealth
 + Level 2.6 Shields
 + Level 0.9 Unarmed Combat
 + Level 7.1 Spellcasting
 + Level 0.6 Conjurations
 + Level 3.8 Hexes
 + Level 0.6 Summonings
 + Level 0.6 Necromancy
 + Level 0.6 Translocations
 + Level 0.6 Transmutations
 + Level 0.6 Fire Magic
 + Level 0.6 Ice Magic
 + Level 0.6 Air Magic
 + Level 0.6 Earth Magic
 + Level 0.6 Poison Magic
 + Level 1.0 Invocations
 + Level 2.6 Evocations


You had 16 spell levels left.
You didn't know any spells.
Your spell library was empty.

Dungeon Overview and Level Annotations

Branches:
Dungeon (2/15)

Altars:

Shops:
D:1 **[:=


Innate Abilities, Weirdness & Mutations

You have very sharp teeth.
Your uncanny sense of smell can sniff out nearby items.
Your experience applies equally to all skills.


Message History

You barely miss the ball python. The ball python loses its grip on you.
You closely miss the adder. The adder barely misses you.
You barely miss the adder. The adder barely misses you.
You miss the adder. The adder bites you.
You are poisoned.
The adder poisons you! The adder barely misses you.
You miss the adder.
You feel sick. The adder bites you.
You are more poisoned.
The adder poisons you!
You barely miss the adder.
You feel sick. The adder barely misses you.
You hit the adder.
The adder seems to slow down.
You freeze the adder.
The adder is lightly wounded.
You feel sick. The adder bites you.
You are more poisoned.
The adder poisons you!
You are too injured to fight recklessly!
You are too injured to fight recklessly!
You are too injured to fight recklessly!
You are too injured to fight recklessly!
You are too injured to fight recklessly!
You are too injured to fight recklessly!
You are too injured to fight recklessly!
You are too injured to fight recklessly!
You are too injured to fight recklessly!
You are too injured to fight recklessly!
You are too injured to fight recklessly!
You are too injured to fight recklessly!
You are too injured to fight recklessly!
You are too injured to fight recklessly!
You closely miss the adder.
The adder is lightly wounded.
You feel sick. The adder bites you.
* * * LOW HITPOINT WARNING * * *
You hit the adder. You freeze the adder.
The adder is moderately wounded.
* * * LOW HITPOINT WARNING * * *
You feel sick.
Okay, then.
Okay, then.
Are you sure you want to abandon this character and quit the game? (Confirm with "yes".)

<..........).......
...................
#####...#####.#...
#.........# ..
###...####### .
#.......#
#.#...#.###
#.#........ #
#@..#.##.
......S####.#
.####.S # ##. .. #.
#$ ..


You could see an adder (slow) and a ball python.

Vanquished Creatures
  A dart slug (D:1)
  An endoplasm (D:2)
  A giant cockroach (D:1)
  6 goblins
  A hobgoblin (D:2)
  12 jackals
  A quokka (D:1)
  3 ball pythons
  3 bats (D:1)
  2 frilled lizards (D:1)
  6 kobolds
  3 rats
40 creatures vanquished.

Notes
Turn   | Place    | Note
-------+----------+-------------------------------------------
     0 | D:1      | Froggeryz the Gnoll Wanderer began the quest for the Orb.
     0 | D:1      | Froggeryz set off with the following items: a +2 shortbow,
                  | 22 arrows, 2 potions of lignification, a +0 robe
     0 | D:1      | Reached XP level 1. HP: 17/17 MP: 8/8
    33 | D:1      | Found Caenu's Armour Shop.
    57 | D:1      | Found Vyucuwo's General Store.
   176 | D:1      | Reached XP level 2. HP: 23/23 MP: 10/10
   272 | D:1      | Found Syagodi's Book Emporium.
   336 | D:1      | Found a faded altar of an unknown god.
   373 | D:1      | Found Jepsi's Jewellery Boutique.
   489 | D:1      | Found Kocsales's General Store.
   491 | D:1      | Reached XP level 3. HP: 28/28 MP: 11/11
   503 | D:1      | Bought a scroll of teleportation for 36 gold pieces
  1198 | D:2      | Reached skill level 1 in Invocations
  1484 | D:2      | Quit the game

Illustrated notes

Levels and vault maps discovered:
D:1:      kennysheep_arrival_forest, layout_loops_ring,
          shapermc_ecumenical_altar_totnotflames, serial_shops, shop,
          shop_statue, shop, shop, shop
D:2:      layout_loops_cross

Skill      XL: |  1  2  3 |
---------------+----------+-----
Invocations    | 1 |  1.0
Fighting       | |  2.6
Short Blades   | |  0.9
Long Blades    | |  0.9
Axes           | |  0.9
Maces & Flails | |  0.9
Polearms       | |  0.9
Staves         | |  0.9
Slings         | |  0.9
Bows           | |  4.5
Crossbows      | |  0.9
Throwing       | |  0.9
Armour         | |  0.9
Dodging        | |  0.9
Stealth        | |  0.9
Shields        | |  2.6
Unarmed Combat | |  0.9
Spellcasting   | |  7.1
Conjurations   | |  0.6
Hexes          | |  3.8
Summonings     | |  0.6
Necromancy     | |  0.6
Translocations | |  0.6
Transmutations | |  0.6
Fire Magic     | |  0.6
Ice Magic      | |  0.6
Air Magic      | |  0.6
Earth Magic    | |  0.6
Poison Magic   | |  0.6
Evocations     | |  2.6

Action                   || total
-------------------------++-------
Melee: Dagger            ||    30
       Bite              ||     3
 Fire: Shortbow          ||    75
 Stab: Sleeping          ||     2
Armor: Robe              ||    19
Dodge: Dodged            ||    39

Table legend: (Time is in decaauts)
 A = Elapsed time spent in this place.
 B = Non-inter-level travel time spent in this place.
 C = Inter-level travel time spent in this place.
 D = Time resting spent in this place.
 E = Time spent auto-exploring this place.
 F = Levels seen in this place.
 G = Mean time per level.
                   A        B        C        D        E       F      G
               +--------+--------+--------+--------+--------+-----+--------+
         Total |   1487 |   1436 |     51 |    159 |   1072 |   2 |  743.5 |
       Dungeon |   1487 |   1436 |     51 |    159 |   1072 |   2 |  743.5 |
               +--------+--------+--------+--------+--------+-----+--------+

Top non-repeatable levels by time:
     D:1: 1095 daAuts
     D:2: 391 daAuts
